 Dungeon Crawl Stone Soup version 0.18-a0-1718-g40ea4b6 (webtiles) character file.

7494 SphereFetishist the Cleaver (level 10, -1/69 HPs)
             Began as a Demonspawn Wizard on Apr 8, 2016.
             Was a High Priest of Okawaru.
             Slain by a troll (13 damage)
             ... on level 9 of the Dungeon.
             The game lasted 00:32:50 (13347 turns).

SphereFetishist the Cleaver (Demonspawn Wizard)    Turns: 13347, Time: 00:32:51

Health: -1/69      AC:  7    Str: 10    XL:     10   Next: 95%
Magic:  6/15       EV: 12    Int: 20    God:    Okawaru [*****.]
Gold:   654        SH:  0    Dex: 12    Spells: 4 memorised, 6 levels left

rFire  + . .     SeeInvis .     F - +1 war axe (elec)
rCold  . . .     Gourm    .     a - +0 robe
rNeg   . . .     Faith    +     (no shield)
rPois  .         Spirit   .     A - +2 hat
rElec  .         Dismiss  .     t - +1 cloak
rCorr  +         Reflect  .     O - +0 pair of gloves
SustAt .         Harm     .     (no boots)
MR     +....                    I - amulet of faith
Stlth  +.........               U - ring of resist corrosion
                                H - ring of protection from magic

@: very slightly contaminated, somewhat resistant to hostile enchantments, very
unstealthy
A: hooves 2, rugged brown scales 1, deformed body, fire resistance 1, mutation
resistance 1, flame cloud immunity
a: Heroism, Finesse, Renounce Religion


You were on level 9 of the Dungeon.
You worshipped Okawaru.
Okawaru was extremely pleased with you.
You were very hungry.

You visited 2 branches of the dungeon, and saw 10 of its levels.
You also visited: Ossuary and Bailey.

You collected 654 gold pieces.

Inventory:

Hand Weapons
 e - a +0 dagger
 j - a -2 dagger
 p - a +0 hand axe
 D - a +0 war axe
 E - a -2 hand axe
 F - a +1 war axe of electrocution (weapon)
 P - a +1 hand axe of electrocution
Missiles
 x - 4 throwing nets (quivered)
Armour
 a - a +0 robe (worn)
 b - a +0 hat
 t - a +1 cloak (worn)
 v - a +0 pair of gloves
 A - a +2 hat (worn)
 G - a +0 plate armour
 O - a +0 pair of gloves (worn)
Jewellery
 l - an uncursed ring of see invisible
 u - an uncursed ring of sustain attributes
 H - a ring of protection from magic (left hand)
 I - an amulet of faith (around neck)
 T - the ring of Truth {MP+9 Stlth-}
   (You found it on level 9 of the Dungeon)

   [ring of loudness]

   It affects your magic capacity (+9).
   It makes you less stealthy.
 U - a ring of resist corrosion (right hand)
Wands
 y - a wand of disintegration (5/24)
 C - a wand of digging (8/24)
 R - a wand of disintegration (11/24)
Scrolls
 f - 5 scrolls of remove curse
 i - 4 scrolls of enchant armour
 k - a scroll of recharging
 n - a scroll of immolation
 o - 8 scrolls of identify
 q - 3 scrolls of fear
 s - a scroll of random uselessness {unknown}
 K - 6 scrolls of teleportation
 L - 2 scrolls of enchant weapon
 M - a scroll of silence {unknown}
 N - 2 scrolls of amnesia
Potions
 g - a potion of heal wounds
 h - 3 potions of agility
 m - 2 potions of haste
 B - 3 potions of curing
Books
 c - a book of Minor Magic

   Spells                             Type                      Level
   a - Magic Dart                     Conjuration                  1
   b - Blink                          Translocation                2
   c - Call Imp                       Summoning                    2
   d - Repel Missiles                 Charms/Air                   2
   e - Slow                           Hexes                        2
   f - Conjure Flame                  Conjuration/Fire             3
   g - Mephitic Cloud                 Conjuration/Poison/Air       3
 r - a book of Spatial Translocations

   Spells                             Type                      Level
   a - Apportation                    Translocation                1
   b - Blink                          Translocation                2
   c - Shroud of Golubria             Charms/Translocation         2
   d - Portal Projectile              Translocation                3
   e - Teleport Other                 Translocation                3
   f - Passage of Golubria            Translocation                4
 w - a Young Poisoner's Handbook

   Spells                             Type                      Level
   a - Sting                          Conjuration/Poison           1
   b - Cure Poison                    Poison                       2
   c - Mephitic Cloud                 Conjuration/Poison/Air       3
   d - Olgreb's Toxic Radiance        Poison                       4
   e - Venom Bolt                     Conjuration/Poison           5
 S - a book of Hinderance

   Spells                             Type                      Level
   a - Confusing Touch                Hexes                        2
   b - Confuse                        Hexes                        3
   c - Gell's Gravitas                Hexes/Translocation          3
   d - Petrify                        Transmutation/Earth          4
   e - Metabolic Englaciation         Hexes/Ice                    5
   f - Yara's Violent Unravelling     Hexes/Transmutation          5
Comestibles
 d - 5 bread rations
 z - 8 beef jerkies
 Q - 2 meat rations


   Skills:
 - Level 2.0 Fighting
 + Level 14.3 Axes
 - Level 1.7 Dodging
 - Level 1.7 Stealth
 - Level 3.3 Spellcasting
 - Level 2.6 Conjurations
   Level 1.0 Summonings
 - Level 0.8 Translocations


You had 6 spell levels left.
You knew the following spells:

 Your Spells              Type           Power        Failure   Level  Hunger
a - Magic Dart            Conj           ##..         4%          1    None
b - Blink                 Tloc           N/A          17%         2    ##.....
c - Mephitic Cloud        Conj/Pois/Air  #.......     30%         3    ###....
f - Conjure Flame         Conj/Fire      #.......     24%         3    ###....


Dungeon Overview and Level Annotations

Branches:
Dungeon (9/15)             Temple (1/1) D:6
   Lair: D:8-11         Orc: D:9-12

Altars:
Ashenzari
Cheibriados
Elyvilon
Fedhas
Gozag
Kikubaaqudgha
Okawaru
Pakellas
Ru
Sif Muna
Vehumet
Yredelemnul
The Shining One

Shops:
D:9 :

Annotations:
D:9 exclusion: ice statue


Innate Abilities, Weirdness & Mutations

You have hoof-like feet.
You are partially covered in rugged brown scales (AC +1, +3% HP).
Your flesh is heat resistant.
You are immune to clouds of flame.
Armour fits poorly on your strangely shaped body.
You are somewhat resistant to further mutation.


Message History

Press: ? - help, Shift-Dir - straight line, f/p - troll
Aim: a troll (lightly wounded) That beam is likely to hit you.
Continue anyway?
You miscast Mephitic Cloud.
Sparks of electricity dance between your hands.
You are feeling very hungry.
The troll bites you but does no damage. The troll claws you but does no damage.
The troll closely misses you.
A troll is nearby!
Casting: Mephitic Cloud
Confirm with . or Enter, or press ? or * to list all spells.
Aiming: Mephitic Cloud
Press: ? - help, Shift-Dir - straight line, f/p - troll
Aim: a troll That beam is likely to hit you.
Continue anyway?
You miscast Mephitic Cloud.
Wisps of vapour drift from your hands. The troll bites you!
* * * LOW HITPOINT WARNING * * *
The troll claws you!
You die...

#.##.####.# #.# #..... #.##.# #.#
#.# ### #.####
#....####)#####.#####.# #.# #
#######.......#.#.....# #.####
#.......#######.#####.### #.....
#.####### #.# #...# ###### #.#
#.# ###.# #..... #.# ####T##
#.####.#### #.# #....@##
#.......##. #.#
#......#####.......##. #.#
######................(.... #.#
#..##......####.#........#.
#.#####........### #............
#.##............# ##...........
#"......#.......# ###..........
####....#.......#####........#.##
##...#.......).....######.#..#


You could see a troll.

Vanquished Creatures
  Gastronok (D:8)
  3 orc knights (Bailey)
  10 orc warriors
  A black bear (D:6)
  4 ogres
  A crocodile (D:9)
  2 centaurs
  2 big kobolds (D:8)
  7 giant frogs
  A water moccasin zombie (Ossuary)
  2 scorpions
  A water moccasin skeleton (D:7)
  A bog body (Ossuary)
  2 howler monkeys
  An electric eel (D:8)
  9 crimson imps
  7 centaur zombies
  A wasp zombie (Ossuary)
  4 jellies
  5 hounds
  A giant frog skeleton (D:6)
  3 orc priests
  Crazy Yiuf (D:3)
  5 orc wizards
  2 centaur skeletons
  2 iguanas
  8 worker ants
  A killer bee zombie (Ossuary)
  5 hound zombies
  6 mummies (Ossuary)
  2 howler monkey zombies
  4 gnolls (D:3)
  4 worker ant zombies
  19 adders
  3 shadow imps
  3 oozes
  5 worms
  A dart slug (D:5)
  8 giant geckos
  33 orcs
  5 giant cockroaches
  11 goblins
  2 hobgoblins
  21 kobolds
  4 quokkas
  4 bats
  A giant gecko skeleton (D:6)
  2 giant gecko zombies (Ossuary)
  6 giant newts
  8 rats
245 creatures vanquished.

Vanquished Creatures (others)
  A plant (D:3)
  5 toadstools (D:1)
  A withered plant (Ossuary)
7 creatures vanquished.

Grand Total: 252 creatures vanquished

Notes
Turn   | Place    | Note
--------------------------------------------------------------
     0 | D:1      | SphereFetishist the Demonspawn Wizard began the quest for the Orb.
     0 | D:1      | Reached XP level 1. HP: 13/13 MP: 4/4
   355 | D:1      | Gained mutation: You are partially covered in rugged brown scales (AC +1, +3% HP). [demonic ancestry]
   355 | D:1      | Reached XP level 2. HP: 13/19 MP: 3/6
  1128 | D:2      | Gained mutation: Your flesh is heat resistant. [demonic ancestry]
  1128 | D:2      | Reached XP level 3. HP: 24/24 MP: 0/7
  1312 | D:2      | Reached skill level 1 in Fighting
  1697 | D:2      | Gained mutation: You are immune to clouds of flame. [demonic ancestry]
  1697 | D:2      | Reached XP level 4. HP: 15/33 MP: 1/9
  2084 | D:2      | Reached skill level 1 in Axes
  2647 | D:3      | Reached skill level 2 in Axes
  2756 | D:3      | Gained mutation: You have large cloven feet. [demonic ancestry]
  2756 | D:3      | Reached XP level 5. HP: 32/39 MP: 0/10
  3133 | D:3      | Reached skill level 3 in Axes
  3278 | D:2      | Learned a level 2 spell: Blink
  3282 | D:2      | Learned a level 3 spell: Mephitic Cloud
  3557 | D:3      | Noticed Crazy Yiuf
  3577 | D:3      | Killed Crazy Yiuf
  3577 | D:3      | Gained mutation: You have hoof-like feet. [demonic ancestry]
  3577 | D:3      | Reached XP level 6. HP: 28/45 MP: 3/11
  3688 | D:3      | Found an opulent altar of Gozag.
  3712 | D:3      | Reached skill level 4 in Axes
  4077 | D:4      | Found a snail-covered altar of Cheibriados.
  4547 | D:4      | Found a shattered altar of Ashenzari.
  4921 | D:5      | Entered Level 5 of the Dungeon
  5103 | D:5      | Reached skill level 5 in Axes
  5554 | D:5      | Reached XP level 7. HP: 18/51 MP: 8/12
  5778 | D:5      | Found a basalt altar of Yredelemnul.
  5783 | D:5      | Found a glowing golden altar of the Shining One.
  5785 | D:5      | Noticed an angel
  5818 | D:5      | Reached skill level 6 in Axes
  6061 | D:5      | Learned a level 3 spell: Conjure Flame
  6220 | D:5      | Reached skill level 7 in Axes
  6818 | D:6      | Reached XP level 8. HP: 34/57 MP: 13/13
  7050 | D:6      | Found an ancient bone altar of Kikubaaqudgha.
  7050 | D:6      | Found a deep blue altar of Sif Muna.
  7219 | D:6      | Reached skill level 8 in Axes
  7517 | D:6      | Found a staircase to the Ecumenical Temple.
  7541 | Temple   | Entered the Ecumenical Temple
  7546 | Temple   | Became a worshipper of Warmaster Okawaru
  7995 | D:6      | Reached skill level 9 in Axes
  8126 | D:7      | Gained mutation: You are somewhat resistant to further mutation. [potion of mutation]
  8126 | D:7      | Gained mutation: Armour fits poorly on your strangely shaped body. [potion of mutation]
  8222 | D:7      | Reached * piety under Okawaru
  8263 | D:7      | Found a flagged portal.
  8272 | Bailey   | Entered a bailey
  8272 | Bailey   | Noticed an orc knight
  8378 | Bailey   | Noticed an orc knight
  8404 | Bailey   | Reached skill level 10 in Axes
  8408 | Bailey   | Noticed an orc knight
  8418 | Bailey   | Reached XP level 9. HP: 12/62 MP: 10/14
  8425 | Bailey   | Killed an orc knight
  8425 | Bailey   | Reached ** piety under Okawaru
  8526 | Bailey   | Reached skill level 11 in Axes
  8718 | Bailey   | Killed an orc knight
  8768 | Bailey   | Killed an orc knight
  8768 | Bailey   | Reached *** piety under Okawaru
  8768 | Bailey   | Reached skill level 12 in Axes
  8768 | Bailey   | Reached XP level 10. HP: 69/69 MP: 11/15
  9659 | D:7      | Found a sacrificial altar of Ru.
  9855 | D:8      | Found a sand-covered staircase.
  9860 | Ossuary  | Entered an ossuary
 10401 | Ossuary  | Reached **** piety under Okawaru
 10644 | D:8      | Noticed Gastronok
 10911 | D:8      | Reached skill level 13 in Axes
 11313 | D:8      | Killed Gastronok
 11313 | D:8      | Reached ***** piety under Okawaru
 11313 | D:8      | Reached skill level 14 in Axes
 12350 | D:9      | Noticed an ice statue
 12566 | D:9      | Got a translucent copper ring
 12616 | D:9      | Identified the ring of Truth {MP+9 Stlth-} (You found it on level 9 of the Dungeon)
 13114 | D:9      | Found Qaubataj's Book Emporium.
 13205 | D:9      | Found an oddly glowing altar of Pakellas.
 13347 | D:9      | Slain by a troll

Vault maps used:
D:1:      ldierk_walled_garden, serial_glass, glass_columns_c, glass_columns_a,
          glass_columns_a, glass_columns_a, glass_columns_a, glass_columns_a,
          st_stairs_12
D:3:      marbit_many_paths, first_bread, serial_corexii_hall,
          corexii_hall_statues_x, corexii_hall_statues_l,
          lexackson_kobold_supper, uniq_crazy_yiuf_cottage
D:4:      cheibriados_altar_1, lemuel_round_altar, minmay_stone_trees_small,
          grunt_decor_mini_mirrors
D:5:      grunt_temple_overflow_holy_war
D:6:      gammafunk_temple_overflow_pools, minmay_temple_entry_nine_rooms,
          minivault_23, roderic_roman_lattice
D:7:      kennysheep_little_box, enter_bailey_2, sigmund_army
D:8:      enter_ossuary_2, grunt_ogre_cave, uniq_gastronok
D:9:      serial_shops, kennysheep_mini, serial_co_window_serial,
          co_window_corner_a, co_window_cross_1, co_window_paths_b,
          co_window_paths_b, co_window_corner_a, co_window_paths_c,
          co_window_paths_c, co_window_paths_c, co_window_corner_b,
          co_window_corner_cb, co_window_4corner_a, co_window_4corner_b,
          minivault_16, grunt_pakellas_mercury
Temple:   zaba_magenta_temple_12
Ossuary:  ossuary_zaba_flooded
Bailey:   bailey_polearm_4, bailey

Skill      XL: |  1  2  3  4  5  6  7  8  9 10 |
---------------+-------------------------------+-----
Conjurations   | 2 |  2.6
Fighting       | 2 |  2.0
Axes           | 2 3 5 7 10 12 14 | 14.3
Dodging        | |  1.7
Stealth        | |  1.7
Spellcasting   | |  3.3
Summonings     | |  1.0
Translocations | |  0.8

Action                   |  1- 3 |  4- 6 |  7- 9 | 10-12 || total
-------------------------+-------+-------+-------+-------++-------
Melee: Dagger            |    22 |       |       |       ||    22
       Hand axe          |       |    61 |    55 |   243 ||   359
       War axe           |       |    64 |   113 |    96 ||   273
 Cast: Magic Dart        |    78 |   193 |    64 |    13 ||   348
       Mephitic Cloud    |       |     5 |    18 |     5 ||    28
       Conjure Flame     |       |       |     1 |       ||     1
Invok: Heroism           |       |       |       |     1 ||     1
Evoke: Wand              |       |       |    17 |     2 ||    19
  Use: Scroll            |     3 |     2 |     9 |       ||    14
       Potion            |     2 |     3 |     9 |     6 ||    20
 Stab: Confused          |       |     5 |     2 |     3 ||    10
       Sleeping          |       |     2 |       |     1 ||     3
  Eat: Chunk             |     2 |     8 |     9 |     4 ||    23
       Beef jerky        |       |     1 |       |       ||     1
       Meat ration       |       |     1 |       |       ||     1
       Bread ration      |       |       |     1 |     2 ||     3
